 Dungeon Crawl Stone Soup version 0.21.1-1-g345015fe64 (webtiles) character file.

184 Redear the Ruffian (level 5, -8/50 HPs)
             Began as a Troll Monk on Mar 13, 2018.
             Mangled by LegateSergal's ghost (12 damage)
             ... on level 3 of the Dungeon.
             The game lasted 00:08:06 (2227 turns).

Redear the Ruffian (Troll Monk)                     Turns: 2227, Time: 00:08:06

Health: -8/50      AC:  5    Str: 19    XL:     5   Next: 36%
Magic:  4/4        EV: 10    Int:  6    God:
Gold:   78         SH:  0    Dex: 13    Spells: 4/4 levels left

rFire    . . .     SeeInvis .     - Unarmed
rCold    . . .     Gourm    +   (no shield)
rNeg     . . .     Faith    .   a - +0 robe
rPois    .         Spirit   .   (helmet restricted)
rElec    .         Reflect  .   d - scarf {repulsion}
rCorr    .         Harm     .   (gloves unavailable)
MR       .....                  (boots unavailable)
Stlth    ++........             (no amulet)
HPRegen  0.56/turn              (no ring)
MPRegen  0.09/turn              (no ring)

@: repel missiles
A: large, unfitting armour, claws 3, fast metabolism 3, gourmand, regeneration
1, shaggy fur 1, tough skin 2
a: no special abilities


You were on level 3 of the Dungeon.
You were completely stuffed.

You visited 1 branch of the dungeon, and saw 3 of its levels.

You collected 78 gold pieces.

Inventory:

Missiles
 f - 4 large rocks (quivered)
Armour
 a - a +0 robe (worn)
 d - a scarf of repulsion (worn)
Scrolls
 c - a scroll of teleportation {unknown}
 e - 2 scrolls of amnesia {unknown}
 g - a scroll of magic mapping {unknown}
 h - 2 scrolls of identify {unknown}
 j - 2 scrolls of blinking {unknown}
 l - a scroll of remove curse {unknown}
Potions
 k - a potion of berserk rage
 m - a potion of magic {unknown}
 n - a potion of might {unknown}
Comestibles
 b - 3 rations
 i - 6 chunks of flesh


   Skills:
 - Level 2.5 Fighting
 - Level 2.4 Dodging
 - Level 1.0 Stealth
 + Level 6.0 Unarmed Combat


You had 4 spell levels left.
You didn't know any spells.

Dungeon Overview and Level Annotations

Branches:
Dungeon (3/15)

Altars:
Wu Jian
Zin

Annotations:
D:3 LegateSergal's ghost, weakling GrBe


Innate Abilities, Weirdness & Mutations

You are too large for most types of armour.
You have claws for hands.
Your metabolism is lightning-fast.
You like to eat raw meat.
Your natural rate of healing is unusually fast.
You are covered in fur. (AC +1)
You have very tough skin. (AC +2)


Message History

You scratch LegateSergal's ghost but do no damage.
LegateSergal's ghost is almost destroyed.
LegateSergal's ghost hits you.
* * * LOW HITPOINT WARNING * * *
You closely miss LegateSergal's ghost. Your claw misses LegateSergal's ghost.
LegateSergal's ghost is almost destroyed.
LegateSergal's ghost hits you.
* * * LOW HITPOINT WARNING * * *
LegateSergal's ghost is nearby!
Throwing (i - inventory):
f - 4 large rocks (quivered)
Press: ? - help, Shift-Dir - straight line
Okay, then.
You barely miss LegateSergal's ghost.
LegateSergal's ghost is almost destroyed.
LegateSergal's ghost closely misses you.
You scratch LegateSergal's ghost but do no damage.
LegateSergal's ghost is almost destroyed.
LegateSergal's ghost takes a fighting stance.
LegateSergal's ghost hits you!
You die...

# #....# #......##.#
#.#. #.#.. ###..#.##.#
#.#. .. #.. ##.#....#
###.#. . #. #...#..#
#...#. #. ###....#
##...#. ###..# #..#.##
#_.# #..#...
#.#######.## #..####
......W@..########..#
....................####
.##.....................
####...###.....#######
.......# ##...##
######.# #...# . ..#
#...# #.# #...# #. #...#


You could see LegateSergal's ghost.

Vanquished Creatures
  An orc wizard (D:3)
  7 adders
  2 oozes (D:1)
  2 worms (D:2)
  2 dart slugs (D:1)
  A leopard gecko (D:2)
  4 orcs (D:3)
  A ball python (D:3)
  3 giant cockroaches
  8 goblins
  9 hobgoblins
  7 jackals (D:1)
  A quokka (D:3)
  2 bats
  6 frilled lizards
  8 kobolds
  6 rats
70 creatures vanquished.

Notes
Turn   | Place    | Note
-------+----------+-------------------------------------------
     0 | D:1      | Redear the Troll Monk began the quest for the Orb.
     0 | D:1      | Reached XP level 1. HP: 22/22 MP: 0/0
   142 | D:1      | Reached XP level 2. HP: 29/29 MP: 1/1
   315 | D:1      | Reached skill level 4 in Unarmed Combat
   348 | D:1      | Reached XP level 3. HP: 33/36 MP: 2/2
  1143 | D:2      | Reached XP level 4. HP: 38/44 MP: 3/3
  1243 | D:2      | Reached skill level 5 in Unarmed Combat
  1347 | D:2      | Found a glowing silver altar of Zin.
  1947 | D:3      | Found an ornate altar of the Wu Jian Council.
  2050 | D:3      | Reached XP level 5. HP: 47/50 MP: 4/4
  2156 | D:3      | Reached skill level 6 in Unarmed Combat
  2206 | D:3      | Noticed LegateSergal's ghost (weakling GrBe)
  2227 | D:3      | Mangled by LegateSergal's ghost

Skill      XL: |  1  2  3  4  5 |
---------------+----------------+-----
Unarmed Combat | 4 5 6 |  6.0
Fighting       | |  2.5
Dodging        | |  2.4
Stealth        | |  1.0

Action                   |  1- 3 |  4- 6 || total
-------------------------+-------+-------++-------
Melee: Unarmed           |   106 |    94 ||   200
       Punch             |       |     1 ||     1
 Stab: Sleeping          |     2 |     1 ||     3
  Eat: Chunk             |    16 |    10 ||    26
Armor: Robe              |    53 |    27 ||    80
Dodge: Dodged            |    61 |    36 ||    97
       Deflected         |     2 |       ||     2
